 Dungeon Crawl Stone Soup version 0.24.1-5-g77f818bfca (webtiles) character file.

Game seed: 16054394946964714589, levelgen mode: deterministic

4249 lepoulpe303 the Archer (level 10, -9/83 HPs)
             Began as a Centaur Hunter on Apr 22, 2020.
             Was a Believer of Okawaru.
             Killed by divine providence
             ... invoked by an orc priest
              (12 damage)
             ... on level 8 of the Dungeon.
             The game lasted 00:36:32 (10201 turns).

lepoulpe303 the Archer (Centaur Hunter)            Turns: 10201, Time: 00:36:32

Health: -9/83      AC: 10    Str: 18    XL:     10   Next: 9%
Magic:  12/12      EV:  9    Int: 10    God:    Okawaru [**....]
Gold:   411        SH:  0    Dex: 10    Spells: 9/9 levels left

rFire    . . .     SeeInvis +   a - +0 spear (flame)
rCold    . . .     Gourm    .   (no shield)
rNeg     . . .     Faith    .   f - +0 scale mail
rPois    .         Spirit   .   D - +0 helmet
rElec    .         Reflect  .   r - +0 cloak
rCorr    .         Harm     .   (no gloves)
MR       .....                  (no barding)
Stlth    ..........             (no amulet)
HPRegen  0.23/turn              S - ring of see invisible
MPRegen  0.13/turn              H - +1 ring of protection

@: about to teleport, very quick
A: large, hooves 3, deformed body, speed 2, tough skin 3
a: Heroism, Renounce Religion


You were on level 8 of the Dungeon.
You worshipped Okawaru.
Okawaru was pleased with you.
You were not hungry.

You visited 1 branch of the dungeon, and saw 8 of its levels.

You collected 411 gold pieces.

Inventory:

Hand Weapons
 a - a +0 spear of flaming (weapon)
 b - a +2 shortbow of flaming
 y - a +2 short sword of speed
Missiles
 A - 2 throwing nets {=f}
 Q - 25 arrows
Armour
 c - a +0 leather armour
 f - a +0 scale mail (worn)
 r - a +0 cloak (worn)
 D - a +0 helmet (worn)
 G - a +0 chain mail
 J - a +0 leather armour of poison resistance {rPois}
Jewellery
 m - an uncursed ring of protection from magic
 C - a cursed ring of teleportation {unknown}
 F - an uncursed ring of protection from fire
 H - a +1 ring of protection (right hand)
 I - an uncursed amulet of guardian spirit {unknown}
 S - a ring of see invisible (left hand)
 W - an uncursed ring of wizardry {Wiz+}
Scrolls
 g - a scroll of fog {unknown}
 i - 14 scrolls of identify
 j - a scroll of magic mapping {unknown}
 k - a scroll of enchant weapon {unknown}
 o - a scroll of immolation {unknown}
 p - 2 scrolls of noise {unknown}
 q - a scroll of random uselessness {unknown}
 s - 2 scrolls of enchant armour {unknown}
 t - 2 scrolls of teleportation
 v - 4 scrolls of amnesia
 w - 4 scrolls of remove curse
 x - a scroll of blinking {unknown}
 B - a scroll of fear {unknown}
Potions
 d - 4 potions of curing
 h - a potion of invisibility {unknown}
 l - 4 potions of heal wounds
 n - a potion of brilliance {unknown}
 u - 2 potions of degeneration {unknown}
 z - a potion of flight {unknown}
 E - a potion of might {unknown}
Comestibles
 e - 15 rations
 K - 3 chunks of flesh


   Skills:
 + Level 6.2 Fighting
 * Level 4.3 Polearms
 * Level 12.0 Bows
 + Level 4.2 Armour
 + Level 4.6 Dodging
 - Level 0.4 Stealth
 + Level 3.9 Invocations


You had 9 spell levels left.
You didn't know any spells.
Your spell library contained the following spells:

 Spells                   Type           Power        Failure   Level  Hunger
 Passwall                 Tmut/Erth      #.......     86%         2    ###....
 Shroud of Golubria       Chrm/Tloc      #.....       86%         2    ###....
 Teleport Other           Tloc           #.......     98%         3    ####...
 Leda's Liquefaction      Hex/Erth       #.........   100%        4    #####..
 Malign Gateway           Summ/Tloc      #.........   100%        7    #######
 Monstrous Menagerie      Summ           #.........   100%        7    #######
 Summon Greater Demon     Summ           #.........   100%        7    #######
 Summon Horrible Things   Summ           #.........   100%        8    #######
 Shatter                  Erth           #.........   100%        9    #######


Dungeon Overview and Level Annotations

Branches:
Dungeon (8/15)             Temple (0/1) D:5
   Lair: D:8-11

Altars:
Dithmenos
Elyvilon
Gozag
Makhleb
Okawaru
Ru
Uskayaw
Yredelemnul
Zin

Shops:
D:4 }

Annotations:
D:6 Dowan


Innate Abilities, Weirdness & Mutations

You have hooves in place of feet.
Armour fits poorly on your strangely shaped body.
You cover ground very quickly.
You have extremely tough skin. (AC +3)


Message History

The cyclops throws a large rock.
The large rock hits you!
* * * LOW HITPOINT WARNING * * *
You take 11 damage, and have 16/83 hp.
As you read the scroll labeled OPSIZE UMAMU, it crumbles to dust.
It is a scroll of amnesia.
You feel forgetful for a moment. The hound completely misses you.
The phantom hits you but does no damage.
The orc priest mumbles some strange prayers to Beogh against you.
Beogh smites you!
* * * LOW HITPOINT WARNING * * *
The orc wizard hits something but does no damage.
The adder bites something.
Something hits the fungus.
The hound bites you but does no damage.
You take 13 damage, and have 3/83 hp.
As you read the scroll labeled XIBLYA SOUH, it crumbles to dust.
You feel strangely unstable.
It was a scroll of teleportation.
The orc priest mumbles some strange prayers to Beogh against you.
Beogh smites you!
You die...

##.## #.#.# #..# #.#.#
#.## #.#.# #.# #.#.# #.#
#.#.## . #.# #[.... ...
#.# ###.##
.....########.#.........
#...W@.C....#.#####.#.
######hr..P.#.# #.#.
##..o(P.P...# #.#
#.P.oP.P...(... ..#
#.W.P...P.PP(.#####
%...P.PoPPP.PP..P#
..oP..PS####...P.#
....PP!o# #P.....
...oo...# +..PP.##


You could see a cyclops, a phantom, a porcupine, a hound, an orc priest, an orc
wizard, an adder and 2 orcs.

Levels and vault maps discovered:
D:1:      psy_arrival_basics, layout_basic
D:2:      layout_loops_corners, first_ration, grunt_ministairs_4, uniq_terence,
          uniq_jessica
D:3:      layout_basic, lemuel_round_altar, uniq_natasha
D:4:      layout_cave_pools, serial_shops, shop, uniq_menkaure
D:5:      layout_rooms, lemuel_doored_altar, lemuel_round_altar,
          kennysheep_mini, lemuel_zombie_altar_yredelemnul,
          minmay_temple_entry_poolview, uniq_prince_ribbit1, uniq_edmund,
          uniq_ijyb
D:6:      layout_cave_pools, grunt_gozag_breadcrumbs, kennysheep_generic_room_8,
          uniq_grinder, uniq_crazy_yiuf_cottage, uniq_duvessa
D:7:      minmay_the_grid_square_5x5_3x3 [minmay_the_grid_square_5x5_shrine1,
          minmay_the_grid_square_5x5_z, minmay_the_grid_square_5x5_hourglass,
          minmay_the_grid_square_5x5_broken_cross,
          minmay_the_grid_square_5x5_megaprize_crossed,
          minmay_the_grid_square_5x5_two_walls_a,
          minmay_the_grid_square_5x5_minibox,
          minmay_the_grid_square_5x5_beaten_path,
          minmay_the_grid_square_5x5_checkered_statues], layout_loops_ring,
          kennysheep_mini_moat, lemuel_crystal_altar, chequers_avenue,
          uniq_joseph
D:8:      layout_basic, lemuel_round_altar, grunt_lair_entry_orc_guard_hut,
          serial_shops, shop_fountains

Notes
Turn   | Place    | Note
-------+----------+-------------------------------------------
     0 | D:1      | lepoulpe303 the Centaur Hunter began the quest for the Orb.
     0 | D:1      | Reached XP level 1. HP: 17/17 MP: 1/1
    27 | D:1      | Identified a +0 short sword
    46 | D:1      | Identified a +0 club
    47 | D:1      | Identified a +0 dagger
   101 | D:1      | Reached XP level 2. HP: 15/24 MP: 2/2
   501 | D:1      | Identified a +0 dagger
   567 | D:1      | Reached XP level 3. HP: 26/30 MP: 3/3
   721 | D:1      | Identified a +0 short sword
   723 | D:1      | Identified a +0 dagger
   887 | D:1      | Reached skill level 6 in Bows
   997 | D:1      | Identified a +0 club
   997 | D:1      | Identified a +0 dagger
  1103 | D:2      | HP: 5/30 [worker ant (6)]
  1111 | D:2      | HP: 3/30 [poisoned by a worker ant]
  1116 | D:2      | HP: 2/30 [poisoned by a worker ant]
  1117 | D:2      | Identified 2 potions of heal wounds
  1269 | D:2      | Identified a +1 shortbow
  1277 | D:2      | Identified a +0 flail
  1277 | D:2      | Identified a +0 scale mail
  1277 | D:2      | Noticed Terence
  1282 | D:2      | Killed Terence
  1282 | D:2      | Reached skill level 1 in Armour
  1282 | D:2      | Reached XP level 4. HP: 37/37 MP: 4/4
  1292 | D:2      | Reached skill level 2 in Dodging
  1370 | D:2      | Identified a +4 club
  1370 | D:2      | Identified a +0 robe
  1370 | D:2      | Noticed Jessica
  1376 | D:2      | Killed Jessica
  1480 | D:2      | Reached skill level 3 in Fighting
  1480 | D:2      | Reached XP level 5. HP: 45/45 MP: 5/5
  1578 | D:2      | Identified a +0 short sword
  1648 | D:2      | Reached skill level 7 in Bows
  1838 | D:2      | Identified a +0 short sword
  1982 | D:2      | Identified a +0 club
  2166 | D:2      | Identified a +0 short sword
  2173 | D:2      | Identified a +2 short sword of speed
  2282 | D:3      | Identified a +0 club
  2298 | D:3      | Identified 5 scrolls of identify
  2298 | D:3      | Identified a ring of see invisible (You found it on level 2
                  | of the Dungeon)
  2300 | D:3      | Identified 4 scrolls of remove curse
  2301 | D:3      | Identified a ring of wizardry (You found it on level 3 of
                  | the Dungeon)
  2349 | D:3      | Identified a +0 trident
  2349 | D:3      | Identified a +0 flail
  2349 | D:3      | Identified a +0 scale mail
  2572 | D:3      | Identified a +0 morningstar
  2639 | D:3      | Noticed Natasha
  2671 | D:3      | Reached XP level 6. HP: 44/51 MP: 6/6
  2682 | D:3      | Killed Natasha
  2702 | D:3      | Noticed Natasha
  2973 | D:3      | Identified a +0 club
  2973 | D:3      | Identified a +0 dagger
  2973 | D:3      | Identified a +0 robe
  2973 | D:3      | Identified a +0 dagger
  2973 | D:3      | Identified a +0 leather armour
  2973 | D:3      | Identified a +0 hand axe
  2976 | D:3      | Identified a +0 mace
  3301 | D:3      | Killed Natasha
  3515 | D:3      | Found a hide-covered altar of Uskayaw.
  3518 | D:3      | Identified a +0 trident
  3540 | D:3      | Identified a ring of protection from fire (You found it on
                  | level 3 of the Dungeon)
  3561 | D:3      | Reached skill level 2 in Armour
  3854 | D:3      | Noticed Natasha
  3874 | D:3      | Killed Natasha
  4000 | D:3      | Identified a +0 cloak (You found it on level 3 of the
                  | Dungeon)
  4009 | D:4      | Noticed Menkaure
  4016 | D:4      | Killed Menkaure
  4016 | D:4      | Reached skill level 8 in Bows
  4016 | D:4      | Reached XP level 7. HP: 54/58 MP: 7/7
  4038 | D:4      | Identified a +0 leather armour
  4052 | D:4      | Identified a +0 dagger
  4052 | D:4      | Identified a +0 robe
  4052 | D:4      | Identified a +0 falchion
  4052 | D:4      | Identified a +0 dagger
  4098 | D:4      | Found Rikhluare's Gadget Shop.
  4118 | D:4      | Got a polished cloak
  4129 | D:4      | Identified the +1 cloak of Cloud Cover {rC++ rN+++ Str-5
                  | Int-2} (You found it on level 4 of the Dungeon)
  4213 | D:4      | Reached skill level 4 in Fighting
  4296 | D:4      | Reached skill level 3 in Dodging
  4392 | D:4      | Identified a +0 giant club
  4433 | D:4      | Reached skill level 9 in Bows
  4683 | D:5      | Entered Level 5 of the Dungeon
  4708 | D:5      | Identified a +0 dagger
  4708 | D:5      | Identified a +0 robe
  4708 | D:5      | Identified a +0 short sword
  4708 | D:5      | Identified a +0 ring mail
  4708 | D:5      | Identified a +0 flail
  4708 | D:5      | Identified a +0 leather armour
  4711 | D:5      | Identified a +0 leather armour
  4872 | D:5      | Identified a +0 club
  4872 | D:5      | Identified a +0 chain mail
  4873 | D:5      | Identified a +0 club
  4892 | D:5      | Reached XP level 8. HP: 62/67 MP: 8/8
  4896 | D:5      | Identified a +0 dagger
  4896 | D:5      | Identified a +0 robe
  4904 | D:5      | Identified a +0 mace
  4905 | D:5      | Identified a +0 dagger
  4939 | D:5      | Noticed Prince Ribbit
  4980 | D:5      | Killed Prince Ribbit
  4980 | D:5      | Reached skill level 3 in Armour
  5053 | D:5      | Found an iron altar of Okawaru.
  5067 | D:5      | Found a staircase to the Ecumenical Temple.
  5080 | D:5      | Became a worshipper of Warmaster Okawaru
  5091 | D:5      | Found a white marble altar of Elyvilon.
  5124 | D:5      | Identified a +0 giant spiked club
  5165 | D:5      | Reached skill level 10 in Bows
  5547 | D:5      | Identified a +1 flail of holy wrath
  5547 | D:5      | Identified a +0 scale mail
  5547 | D:5      | Noticed Edmund
  5639 | D:5      | Killed Edmund
  5639 | D:5      | Reached skill level 5 in Fighting
  5639 | D:5      | Reached skill level 1 in Invocations
  5723 | D:5      | Identified a +0 club
  5723 | D:5      | Identified a +0 chain mail
  5723 | D:5      | Noticed Ijyb
  5765 | D:5      | Killed Ijyb
  5805 | D:5      | Found a shadowy altar of Dithmenos.
  5812 | D:5      | Identified a +0 spear of flaming
  5812 | D:5      | Identified a +0 spear
  5812 | D:5      | Identified a +0 whip
  5950 | D:5      | Found a basalt altar of Yredelemnul.
  6070 | D:6      | Identified a +0 club
  6114 | D:6      | Noticed Grinder
  6122 | D:6      | Paralysed by Grinder for 6 turns
  6133 | D:6      | Paralysed by Grinder for 5 turns
  6149 | D:6      | Killed Grinder
  6149 | D:6      | Reached skill level 1 in Polearms
  6346 | D:6      | Reached * piety under Okawaru
  6346 | D:6      | Reached skill level 2 in Invocations
  6347 | D:6      | Identified a +0 flail
  6399 | D:6      | Identified a +2 dagger of distortion
  6399 | D:6      | Identified a +0 robe
  6399 | D:6      | Noticed Dowan
  6401 | D:6      | Identified a +0 short sword
  6401 | D:6      | Identified a +0 leather armour
  6401 | D:6      | Noticed Duvessa
  6654 | D:6      | Found an opulent altar of Gozag.
  6719 | D:6      | Identified a cursed +0 giant spiked club
  6729 | D:6      | Reached skill level 4 in Dodging
  6729 | D:6      | Reached XP level 9. HP: 32/74 MP: 10/10
  6937 | D:6      | Identified a +3 short sword
  6937 | D:6      | Identified a +0 robe
  6939 | D:6      | Identified a +2 falchion
  6939 | D:6      | Identified a +0 robe
  6989 | D:6      | Identified a +0 hand axe
  6989 | D:6      | Identified a +0 robe
  6990 | D:6      | Identified a +2 dire flail
  6990 | D:6      | Identified a +0 robe
  7052 | D:6      | Reached skill level 2 in Polearms
  7327 | D:6      | Identified a ring of protection from magic (You found it on
                  | level 6 of the Dungeon)
  7352 | D:6      | Identified a +0 shortbow
  7373 | D:6      | HP: 16/74 [bullfrog (6)]
  7381 | D:6      | HP: 18/74 [centaur (8)]
  7415 | D:5      | HP: 16/74 [bullfrog (7)]
  7874 | D:6      | Killed Duvessa
  7874 | D:6      | Reached skill level 11 in Bows
  8071 | D:6      | Found a runed translucent door.
  8072 | D:6      | Identified a +2 quarterstaff of chaos
  8072 | D:6      | Identified a +0 cloak
  8072 | D:6      | Noticed Crazy Yiuf
  8281 | D:6      | Killed Crazy Yiuf
  8375 | D:6      | Identified a +0 helmet (You found it on level 6 of the
                  | Dungeon)
  8426 | D:7      | Found a sacrificial altar of Ru.
  8574 | D:7      | Identified a +0 battleaxe
  8574 | D:7      | Identified a +0 chain mail
  8590 | D:7      | Reached ** piety under Okawaru
  8590 | D:7      | Reached skill level 3 in Polearms
  8590 | D:7      | Reached skill level 3 in Invocations
  8715 | D:7      | Identified a ring of protection (You found it on level 7 of
                  | the Dungeon)
  8719 | D:7      | Identified a +0 hand axe
  8719 | D:7      | Identified a +0 plate armour
  8739 | D:7      | Identified a +0 giant club
  8775 | D:7      | Identified a +0 quarterstaff
  8775 | D:7      | Identified a +0 hunting sling
  8775 | D:7      | Identified a +0 leather armour of poison resistance
  8775 | D:7      | Noticed Joseph
  8820 | D:7      | Reached skill level 4 in Armour
  8841 | D:7      | Killed Joseph
  8841 | D:7      | Reached skill level 6 in Fighting
  9057 | D:7      | Identified a +3 dagger
  9057 | D:7      | Identified a +0 robe
  9400 | D:7      | Identified a +2 shortbow of flaming (You found it on level
                  | 7 of the Dungeon)
  9403 | D:7      | Identified Axkaoshro's Guide on Dislocated Clay
  9413 | D:7      | Reached skill level 4 in Polearms
  9645 | D:7      | Identified a +0 dire flail
  9645 | D:7      | Identified a +0 plate armour
  9657 | D:7      | Identified a +0 flail
  9657 | D:7      | Identified a +0 robe
  9670 | D:7      | Reached XP level 10. HP: 63/83 MP: 12/12
  9695 | D:7      | Identified a +0 ring mail
  9695 | D:7      | Identified a +0 dagger
  9695 | D:7      | Identified a +0 leather armour
  9697 | D:7      | Identified a +3 hand axe
  9737 | D:7      | Identified a +0 long sword
  9737 | D:7      | Identified a +0 chain mail
  9864 | D:7      | Found a burning altar of Makhleb.
 10023 | D:7      | Upgraded the game from 0.24.1-4-ge52af88ad5 to
                  | 0.24.1-5-g77f818bfca
 10107 | D:8      | Identified a +0 ring mail
 10156 | D:8      | Found a glowing silver altar of Zin.
 10177 | D:8      | Noticed a cyclops
 10182 | D:8      | Reached skill level 12 in Bows
 10188 | D:8      | Identified a +0 short sword
 10188 | D:8      | Identified a +0 club
 10189 | D:8      | Identified a +0 club
 10197 | D:8      | Identified a +1 dagger of venom
 10197 | D:8      | Identified a +0 robe
 10199 | D:8      | HP: 16/83 [cyclops/large rock (11)]
 10200 | D:8      | Identified 5 scrolls of amnesia
 10200 | D:8      | HP: 3/83 [orc priest/divine providence (13)]
 10201 | D:8      | Identified 3 scrolls of teleportation
 10201 | D:8      | Killed from afar by an orc priest

Table legend:
 A = Turns spent in this place as a percentage of turns spent in the entire game.
 B = Non-inter-level travel turns spent in this place as a percentage of non-inter-level travel turns spent in the entire game.
 C = Inter-level travel turns spent in this place as a percentage of turns spent in this place.
 D = Turns resting spent in this place as a percentage of non-inter-level travel turns spent in this place.
 E = Turns spent auto-exploring this place as a percentage of non-inter-level travel turns spent in this place.
 F = Non-inter-level travel turns spent in this place divided by the number of levels of this place that you've seen.
                   A       B       C       D       E      F
               +-------+-------+-------+-------+-------+----------------------
         Total | 100.0 | 100.0 |   5.8 |  33.2 |  41.3 | 1201.6
       Dungeon | 100.0 | 100.0 |   5.8 |  33.2 |  41.3 | 1201.6
               +-------+-------+-------+-------+-------+----------------------

Table legend:
 A = Kills in this place as a percentage of kills in entire the game.
 B = Kills by you in this place as a percentage of kills by you in the entire game.
 C = Kills by friends in this place as a percentage of kills by friends in the entire game.
 D = Other kills in this place as a percentage of other kills in the entire game.
 E = Experience gained in this place as a percentage of experience gained in the entire game.
 F = Experience gained in this place divided by the number of levels of this place that you have seen.
                   A       B       C       D       E      F
               +-------+-------+-------+-------+-------+----------------------
         Total | 100.0 | 100.0 |   N/A |   N/A | 100.0 | 758.8
       Dungeon | 100.0 | 100.0 |   N/A |   N/A | 100.0 | 758.8
               +-------+-------+-------+-------+-------+----------------------

Skill      XL: |  1  2  3  4  5  6  7  8  9 10 |
---------------+-------------------------------+-----
Bows           | 6 7 8 9 10 11 12 | 12.0
Armour         | 1 2 3 4 |  4.2
Dodging        | 2 3 4 |  4.6
Fighting       | 3 4 5 6 |  6.2
Invocations    | 2 3 |  3.9
Polearms       | 1 4 |  4.3
Stealth        | |  0.4

Action                   |  1- 3 |  4- 6 |  7- 9 | 10-12 || total
-------------------------+-------+-------+-------+-------++-------
Melee: Short sword       |   101 |   171 |   108 |       ||   380
       Kick              |    14 |    20 |    77 |    12 ||   123
       Spear             |       |       |   245 |    45 ||   290
 Fire: Shortbow          |     4 |    85 |   283 |    23 ||   395
  Use: Potion            |     1 |       |     1 |       ||     2
       Scroll            |       |     2 |       |     2 ||     4
  Eat: Chunk             |     1 |     7 |    11 |     2 ||    21
       Ration            |       |       |     1 |       ||     1
Armor: Leather armour    |    40 |     4 |       |       ||    44
       Scale mail        |       |    98 |   127 |    20 ||   245
Dodge: Dodged            |    46 |    82 |   132 |    23 ||   283

Vanquished Creatures
  Joseph (D:7)
  Prince Ribbit (D:5)
  Grinder (D:6)
  A yak (D:7)
  Edmund (D:5)
  Menkaure (D:4)
  Duvessa (D:6)
  2 sky beasts
  An ice beast (D:6)
  3 orc warriors (D:7)
  4 ogres
  A centaur (D:6)
  3 bullfrogs
  A wyvern zombie (D:7)
  4 scorpions
  A killer bee (D:7)
  5 wights
  2 howler monkeys (D:7)
  4 crimson imps
  2 bullfrog zombies (D:7)
  4 hounds
  5 orc wizards
  6 orc priests
  A jelly (D:5)
  Crazy Yiuf (D:6)
  Jessica (D:2)
  Ijyb (D:5)
  Terence (D:2)
  Natasha (thrice) (D:3)
  An iguana (D:3)
  6 worker ants
  A hound zombie (D:5)
  A worker ant zombie (D:5)
  5 adders
  7 gnolls
  3 shadow imps
  4 oozes
  2 adder skeletons (D:4)
  An adder zombie (D:7)
  2 worms
  A dart slug (D:1)
  8 leopard geckos
  22 orcs
  4 giant cockroaches
  2 gnoll zombies (D:5)
  12 goblins
  7 hobgoblins
  12 jackals
  10 kobolds
  3 quokkas
  A ball python (D:3)
  8 bats
  7 frilled lizards
  A jackal skeleton (D:5)
  A quokka skeleton (D:6)
  7 rats
202 creatures vanquished.
